 Dungeon Crawl Stone Soup version 0.22.0-6-g71bd7aa6b3 (webtiles) character file.

121 Rerark the Cudgeler (level 4, 0/45 HPs)
             Began as a Troll Berserker on Aug 15, 2018.
             Was an Initiate of Okawaru.
             Slain by a black bear (3 damage)
             ... created by the rage of Trog
             ... on level 3 of the Dungeon.
             The game lasted 00:06:36 (1714 turns).

Rerark the Cudgeler (Troll Berserker)               Turns: 1714, Time: 00:06:36

Health: 0/45       AC:  5    Str: 30    XL:     4   Next: 76%
Magic:  3/3        EV: 10    Int:  3    God:    Okawaru [......]
Gold:   102        SH:  0    Dex:  9    Spells: 3/3 levels left

rFire    . . .     SeeInvis .   p - +0 mace
rCold    . . .     Gourm    +   (no shield)
rNeg     . . .     Faith    .   b - +0 animal skin
rPois    +         Spirit   .   (helmet restricted)
rElec    .         Reflect  .   (no cloak)
rCorr    .         Harm     .   (gloves unavailable)
MR       .....                  (boots unavailable)
Stlth    +.........             (no amulet)
HPRegen  0.55/turn              q - +4 ring of strength
MPRegen  0.08/turn              o - ring of poison resistance

@: confused
A: large, unfitting armour, claws 3, fast metabolism 3, gourmand, regeneration
1, shaggy fur 1, tough skin 2
a: Renounce Religion


You were on level 3 of the Dungeon.
You worshipped Okawaru.
Okawaru was noncommittal.
You were not hungry.

You visited 1 branch of the dungeon, and saw 3 of its levels.

You collected 102 gold pieces.

Inventory:

Hand Weapons
 p - a +0 mace (weapon)
Armour
 b - a +0 animal skin (worn)
 l - a +0 leather armour
Jewellery
 j - a +3 ring of intelligence
 o - a ring of poison resistance (right claw)
 q - a +4 ring of strength (left claw)
Scrolls
 e - 8 scrolls of identify {unknown}
 f - a scroll of amnesia {unknown}
 h - a scroll of enchant armour {unknown}
 i - a scroll of blinking {unknown}
 k - a scroll of noise {unknown}
 m - 2 scrolls of immolation {unknown}
Potions
 d - 5 potions of heal wounds {unknown}
 g - a potion of curing {unknown}
 n - a potion of haste {unknown}
Comestibles
 c - 5 rations


   Skills:
 + Level 3.0 Fighting
 + Level 3.9 Maces & Flails
 + Level 3.1 Dodging
 + Level 0.4 Stealth


You had 3 spell levels left.
You didn't know any spells.
Your spell library was empty.

Dungeon Overview and Level Annotations

Branches:
Dungeon (3/15)

Altars:
Okawaru
Vehumet


Innate Abilities, Weirdness & Mutations

You are too large for most types of armour.
You have claws for hands.
Your metabolism is lightning-fast.
You like to eat raw meat.
Your natural rate of healing is unusually fast.
You are covered in fur. (AC +1)
You have very tough skin. (AC +2)


Message History

You're too confused to move!
The black bear bites you.
The black bear claws you but does no damage.
The black bear barely misses you.
You sock the black bear!
The black bear is moderately wounded.
The black bear rages.
The black bear misses you. The black bear barely misses you.
The black bear claws you. The polar bear closely misses you.
The polar bear claws you but does no damage.
The polar bear closely misses you. The black bear closely misses you.
The black bear claws you. x2; The polar bear bites you!
* * * LOW HITPOINT WARNING * * *
The polar bear claws you!
* * * LOW HITPOINT WARNING * * *
The polar bear claws you.
* * * LOW HITPOINT WARNING * * *
The black bear closely misses you. The black bear barely misses you.
The black bear closely misses you. The black bear completely misses you.
The black bear claws you.
You die...

#.#.# #...# # #.# ..
###.# # #.#
#.###.####### #.#
#............ #.#
####..######. #.#
##..# #... #h#
##.###... #h#
######....... #####@#
#...†.....###
#...hh####.######....#
#....h..(..# ####.#
#..<....#### .
#.....#.?.#
#.....###.# #####.# .#
#.# . #.# #.


You could see a polar bear (berserk) and 4 black bears.

Vanquished Creatures
  7 adders
  2 oozes (D:1)
  2 dart slugs
  A leopard gecko (D:3)
  12 bats
  A giant cockroach (D:3)
  5 hobgoblins
  A ball python (D:2)
  2 frilled lizards (D:2)
  7 goblins
  6 kobolds
  3 rats
49 creatures vanquished.

Notes
Turn   | Place    | Note
-------+----------+-------------------------------------------
     0 | D:1      | Rerark the Troll Berserker began the quest for the Orb.
     0 | D:1      | Reached XP level 1. HP: 22/22 MP: 0/0
    77 | D:1      | Reached XP level 2. HP: 29/29 MP: 1/1
   562 | D:1      | Reached XP level 3. HP: 36/36 MP: 2/2
   657 | D:1      | Reached ** piety under Trog
   819 | D:1      | Paralysed by fainting for 9 turns
   849 | D:1      | Paralysed by fainting for 7 turns
   890 | D:2      | Found a radiant altar of Vehumet.
  1177 | D:2      | Reached XP level 4. HP: 40/44 MP: 3/3
  1593 | D:3      | Found an iron altar of Okawaru.
  1614 | D:3      | Fell from the grace of Trog
  1614 | D:3      | Became a worshipper of Warmaster Okawaru
  1712 | D:3      | Noticed a black bear
  1712 | D:3      | Noticed a black bear
  1712 | D:3      | Noticed a black bear
  1712 | D:3      | Noticed a polar bear
  1712 | D:3      | Noticed a black bear
  1714 | D:3      | Slain by a black bear

Skill      XL: |  1  2  3  4 |
---------------+-------------+-----
Maces & Flails | 3 |  3.9
Fighting       | 3 |  3.0
Dodging        | 3 |  3.1
Stealth        | |  0.4

Action                   |  1- 3 |  4- 6 || total
-------------------------+-------+-------++-------
Melee: Mace              |    88 |    63 ||   151
 Stab: Sleeping          |     1 |     1 ||     2
  Eat: Chunk             |     5 |     2 ||     7
       Ration            |     1 |     1 ||     2
Armor: Animal skin       |    39 |    35 ||    74
Dodge: Dodged            |    63 |    74 ||   137
